AoeStats
← BomberC4

Arena

505431844Analyzed
1v1 RM · 24d ago on Sep 9, 2026· 47m 11s· 2 players
Game mode
Random Map
Map size
Tiny (2 player)
Population
200
Speed
Normal
Resources
Standard
Victory
Conquest
Starting age
Dark Age
Ending age
Imperial Age
RankedLock teamsTeams togetherTeam positionsShared explorationLock speedFull tech treeHidden civsTurbo modeCheats
Victory
Defeat
🇧🇪 Ethiopians · Belgium
1563
+14
🇹🇷 Aztecs · Türkiye
1529
-14
BomberC4
8:54 Loom
10:48 Feudal Age
10:42 Loom
15:15 Castle Age
13:13 Double-Bit Axe
13:41 Gold Mining
15:19 Scale Mail Armor
17:06 Redemption
26:07 Fervor
26:22 Sanctity
26:59 Atonement
34:43 Fletching
35:18 Guard Tower
35:48 Fortified Wall
36:51 Wheelbarrow
36:09 Horse Collar
36:37 Crossbowman
37:34 Bodkin Arrow
37:39 Padded Archer Armor
38:31 Hand Cart
38:36 Stone Mining
39:20 Town Watch
43:02 Imperial Age
41:06 Leather Archer Armor
43:01 Ballistics
46:17 Imperial Age
Lord Tatami II
9:12 Feudal Age
12:47 Castle Age
11:23 Double-Bit Axe
11:39 Horse Collar
24:14 Fletching
28:40 Squires
28:26 Arson
29:06 Bodkin Arrow
30:30 Gold Mining
31:41 Loom
34:28 Imperial Age
32:46 Wheelbarrow
33:53 Scale Mail Armor
34:04 Forging
35:22 Chain Mail Armor
35:29 Elite Shotel Warrior
36:29 Conscription
37:17 Stone Mining
38:59 Chemistry
38:10 Masonry
38:10 Careening
38:50 Plate Mail Armor
38:55 Iron Casting
37:55 Capped Ram
39:04 Bow Saw
38:59 Heavy Plow
39:16 Siege Ram
41:22 Careening
41:29 Careening
41:33 Siege Engineers
41:34 Torsion Engines
46:09 Ballistics
46:19 Architecture
Connection lost

Rejoining the realm…

Still unreachable

The connection could not be restored.

Session expired

The server has moved on; the page needs a fresh start.